Map: Cerulean Fall LE

Players

Elazer

  • Race: Zerg Zerg
  • Spawn Location: 1:00

Zest - Winner!

  • Race: Protoss Protoss
  • League: Master
  • Spawn Location: 7:00

Event: HomeStory Cup XVIII

VOD

Have the link to the VOD?

Description

Time

  • Played on: Nov. 24, 2018, 2:46 p.m.
  • Length: 9:15

All games in this series

Show
View Real Time Build Order
Export as new Build Order

Elazer Zerg 

Build Orders: Hatch First 

Get SALT Encoding   

  12  0:00  Drone  
  13  0:11  Overlord  
  13  0:17  Drone  
  14  0:30  Drone  
  15  0:44  Hatchery  
  15  0:49  Drone  
  15  0:52  Drone  
  15  0:56  Drone  
  17  1:01  Drone  
  18  1:10  Extractor  
  17  1:15  Spawning Pool  
  16  1:18  Drone  
  16  1:22  Drone  
  18  1:32  Drone  
  19  1:43  Drone  
  20  1:53  Overlord  
  20  2:06  Queen x2  
  20  2:07  Zergling x6  
  27  2:15  Metabolic Boost  
  27  2:16  Drone  
  27  2:18  Drone  
  29  2:26  Drone  
  29  2:29  Drone  
  31  2:36  Drone  
  32  2:44  Hatchery  
  32  2:49  Queen  
  33  2:54  Overlord  
  33  2:56  Drone  
  33  2:58  Zergling x2  
  35  3:02  Drone  
  36  3:17  Drone x2  
  37  3:21  Drone x2  
  37  3:22  Drone x2  
  37  3:24  Spore Crawler  
  37  3:31  Queen  
  37  3:33  Spore Crawler  
  38  3:34  Drone x2  
  38  3:35  Drone  
  38  3:36  Drone  
  42  3:45  Drone x2  
  40  3:53  Drone  
  40  3:58  Drone x2  
  40  4:01  Drone x3  
  45  4:05  Drone x3  
  45  4:07  Drone  
  49  4:12  Extractor, Queen  
  49  4:15  Extractor  
  49  4:17  Overlord  
  49  4:19  Drone  
  49  4:21  Spore Crawler  
  46  4:27  Drone x3  
  47  4:32  Drone x2  
  47  4:34  Overlord  
  53  4:38  Drone x2  
  53  4:40  Drone  
  54  4:47  Overlord, Drone  
  58  4:52  Drone x3  
  58  4:53  Drone  
  58  4:57  Lair  
  57  5:00  Drone x2  
  57  5:02  Drone  
  57  5:05  Extractor, Drone  
  57  5:06  Extractor  
  59  5:11  Roach Warren, Drone  
  59  5:12  Drone  
  60  5:14  Drone  
  60  5:16  Drone  
  60  5:18  Drone  
  60  5:19  Drone  
  60  5:20  Drone  
  65  5:22  Drone x2  
  65  5:26  Drone x3  
  69  5:34  Overlord  
  69  5:36  Drone x2  
  69  5:38  Overlord, Extractor  
  69  5:39  Extractor  
  69  5:49  Overlord  
  69  5:52  Roach x2  
  69  5:54  Roach x4  
  81  6:00  Overlord  
  79  6:04  Roach  
  79  6:05  Roach x4  
  79  6:07  Glial Reconstitution  
  79  6:08  Overlord  
  87  6:18  Queen  
  87  6:19  Overlord  
  87  6:26  Roach x3  
  87  6:29  Hydralisk Den  
  87  6:36  Drone x5  
  94  6:40  Roach x2  
  94  6:42  Drone  
  94  6:46  Drone x2  
  97  6:48  Evolution Chamber  
  97  6:53  Drone x4  
  93  7:04  Hydralisk x7  
  93  7:07  Overlord  
  107  7:14  Grooved Spines  
  107  7:15  Zergling x2  
  107  7:16  Zergling x4  
  107  7:19  Overlord  
  107  7:21  Overlord  
  110  7:30  Hydralisk x3  
  110  7:35  Zergling x10  
  121  7:43  Overlord  
  121  7:52  Hydralisk  
  121  7:53  Hydralisk x3  
  125  7:59  Overlord x2  
  125  8:01  Hydralisk x4  
  125  8:03  Zergling x2  
  134  8:10  Overlord  
  134  8:14  Zergling x8  
  138  8:26  Ravager x4  
  138  8:27  Zergling x12  
  138  8:29  Ravager  
  138  8:32  Zergling x8  
  147  8:35  Overseer  
  130  8:48  Zergling x14  
Show
View Real Time Build Order
Export as new Build Order

Zest Protoss - Winner!

Build Orders: 1 Gate Expand, Oracle Opening, Archon Immortal, Archon Drop 

Get SALT Encoding   

  12  0:00  Probe  
  13  0:12  Probe  
  14  0:18  Pylon  
  14  0:23  Probe  
  15  0:32  Probe  
  15  0:37  Assimilator  
  15  0:40  Probe  
  16  0:46  Gateway  
  17  0:51  Probe  
  18  1:03  Probe  
  19  1:15  Probe  
  20  1:23  Nexus  
  20  1:33  Cybernetics Core  
  20  1:37  Probe  
  21  1:42  Assimilator  
  21  1:49  Probe  
  21  1:52  Pylon  
  22  2:01  Adept, Probe  
  23  2:12  Stargate  
  25  2:15  Probe  
  25  2:20  Adept  
  25  2:21  Warp Gate  
  26  2:29  Probe  
  29  2:35  Probe  
  30  2:40  Stalker  
  30  2:42  Probe  
  33  2:51  Probe  
  33  2:53  Oracle  
  33  2:55  Probe  
  35  3:03  Probe  
  39  3:07  Probe  
  40  3:15  Probe  
  40  3:19  Probe  
  41  3:20  Oracle  
  39  3:28  Probe  
  39  3:31  Zealot, Probe  
  44  3:36  Pylon  
  44  3:40  Probe  
  45  3:43  Probe  
  46  3:52  Assimilator  
  46  3:54  Assimilator, Probe  
  47  3:56  Robotics Facility  
  47  3:57  Probe  
  48  4:06  Probe  
  48  4:09  Probe  
  50  4:11  Twilight Council  
  50  4:13  Pylon  
  50  4:14  Pylon  
  50  4:31  Gateway, Probe x2  
  52  4:32  Warp Prism  
  52  4:33  Gateway  
  52  4:38  Gateway  
  52  4:44  Probe  
  55  4:46  Probe  
  56  4:53  Templar Archives  
  56  5:04  Pylon, Probe x2  
  56  5:06  Adept  
  60  5:17  Gateway  
  60  5:19  Gateway  
  60  5:30  High Templar x2, Nexus  
  60  5:31  High Templar  
  60  5:32  High Templar  
  60  5:33  Observer  
  68  5:36  Pylon  
  68  5:38  Archon x2  
  69  5:44  Pylon, Probe  
  70  5:54  Probe  
  71  5:57  Probe  
  72  6:04  Zealot x3  
  72  6:06  Zealot  
  72  6:09  Probe  
  72  6:10  Immortal  
  81  6:12  Probe  
  79  6:21  Robotics Facility, Probe  
  79  6:22  Forge  
  76  6:36  Probe x2  
  76  6:39  Immortal  
  78  6:40  Protoss Ground Weapons Level 1  
  82  6:58  Observer  
  83  7:01  Charge, Probe x2  
  83  7:05  Sentry x4, Gateway  
  83  7:06  Gateway, Probe  
  93  7:13  Probe x2  
  95  7:21  Immortal  
  99  7:27  Pylon, Probe x2  
  101  7:30  Pylon  
  101  7:32  Gateway  
  101  7:34  Gateway  
  101  7:37  Probe  
  101  7:38  Immortal  
  101  7:40  Gateway  
  101  7:50  Immortal  
  102  7:53  Probe x2  
  102  7:57  Zealot  
  107  8:06  Sentry  
  107  8:07  Sentry x2  
  107  8:09  Zealot x2  
  117  8:15  Assimilator  
  115  8:31  Zealot  
  117  8:35  Pylon  
  117  8:37  Pylon  
  117  8:41  Stalker  
  117  8:48  Zealot x5  
  114  8:55  Zealot x3  
  89  9:05  Zealot  
  89  9:09  Zealot x3  
Tags
 
Add a new tag
Caveats
  • Supply blocks, unpowered buildings, or Contaminate may cause inaccurate times.
  • Supply counts are checked every 10 seconds.